 Dungeon Crawl Stone Soup version 0.30-a0-605-gb2882149bf (webtiles) character file.

Game seed: 6615759232189568538

240 wormed the Changer (level 6, -3/45 HPs)
             Began as an Octopode Transmuter on Jan 8, 2023.
             Slain by Blork the orc
             ... wielding a +1 trident of protection
              (6 damage)
             ... on level 4 of the Dungeon.
             The game lasted 00:05:24 (4477 turns).

wormed the Changer (Octopode Transmuter)            Turns: 4477, Time: 00:05:25

Health: -3/45      AC:  6    Str:  9    XL:     6   Next: 8%
Magic:  7/11       EV: 10    Int: 17    God:
Gold:   143        SH:  0    Dex: 13    Spells: 6/12 levels left

rFire   x . .      SeeInvis .      - Unarmed
rCold   + + +      Faith    .    (shield currently unavailable)
rNeg    . . .      Spirit   .    (helmet currently unavailable)
rPois   +          Reflect  .    (no amulet)
rElec   .          Harm     .    (no ring)
rCorr   .          Rampage  .    (no ring)
Will    .....                    (no ring)
Stlth   +                        (no ring)
HPRegen 0.27/turn                (no ring)
MPRegen 0.12/turn                (no ring)
                                 (no ring)
                                 (no ring)

@: ice-form, wereblooded
A: freezing attack, boosted hp, almost no armour, amphibious, 8 rings, large,
(camouflage 1), (gelatinous body 1), (nimble swimmer 1), (tentacles)
a: End Transformation


You were on level 4 of the Dungeon.
You were a creature of crystalline ice.
You visited 1 branch of the dungeon, and saw 4 of its levels.

You collected 143 gold pieces.

Inventory:

Jewellery
 l - a ring of protection from cold
Wands
 d - a wand of flame (17)
Scrolls
 b - 6 scrolls of identify
 g - 3 scrolls of teleportation
 i - a scroll of magic mapping
 k - 2 scrolls of immolation {unknown}
Potions
 a - 3 potions of lignification
 c - 2 potions of berserk rage {unknown}
 e - a potion of invisibility {unknown}
 f - 3 potions of heal wounds {unknown}
 h - 3 potions of might {unknown}
 m - a potion of degeneration {unknown}


   Skills:
 - Level 1.0 Fighting
 - Level 2.0 Dodging
 - Level 3.0 Unarmed Combat
 + Level 3.6 Spellcasting
 + Level 3.8 Transmutations
 + Level 3.1 Ice Magic


You had 6 spell levels left.
You knew the following spells:

 Your Spells              Type           Power      Damage    Failure   Level
a - Ice Form              Ice/Tmut       14%        N/A       36%         4
b - Wereblood             Tmut           16%        N/A       4%          2

Your spell library contained the following spells:

 Spells                   Type           Power      Damage    Failure   Level
 Beastly Appendage        Tmut           32%        N/A       3%          1
 Magic Dart               Conj           12%        1d3       17%         1
 Spider Form              Tmut/Pois      9%         N/A       22%         3
 Call Imp                 Summ           3%         N/A       26%         2
 Ignite Poison            Fire/Tmut/Pois 7%         N/A       28%         3
 Mephitic Cloud           Conj/Pois/Air  3%         N/A       45%         3
 Cause Fear               Hex            1%         N/A       86%         4
 Sticky Flame             Conj/Fire      3%         2d3       86%         4
 Dragon Form              Tmut           8%         N/A       100%        7
 Ignition                 Fire           1%         3d3       100%        8
 Dragon's Call            Summ           1%         N/A       100%        9


Dungeon Overview and Level Annotations

Branches:
Dungeon (4/15)
 Temple: D:4-7

Altars:

Annotations:
D:4 Blork the orc


Innate Abilities, Weirdness & Mutations

You are a creature of crystalline ice.
You have a powerful freezing melee attack.
Your maximum health is increased.
Your armour is entirely melded.
You are incapable of wielding weapons or throwing items.
You cannot wear most types of armour.
You are amphibious.
You can wear up to eight rings at the same time.
((Your skin changes colour to match your surroundings (Stealth+).))
((Your rubbery body absorbs attacks. (AC +1, EV +1)))
((You are camouflaged when in or above water. (Stealth+)))
((You have tentacles for arms and can constrict up to eight enemies at once.))


Message History

You feel better. Blork the orc barely misses you.
You hit Blork the orc but do no damage.
Blork the orc is moderately wounded.
Blork the orc hits you with a +1 trident of protection.
You hit Blork the orc but do no damage.
Blork the orc is moderately wounded.
Blork the orc closely misses you.
You barely miss Blork the orc.
Blork the orc is moderately wounded.
Blork the orc closely misses you.
You hit Blork the orc but do no damage.
Blork the orc is moderately wounded.
Blork the orc hits you with a +1 trident of protection.
You hit Blork the orc. You freeze Blork the orc.
Blork the orc is heavily wounded.
Blork the orc looks braver for a moment.
You hit Blork the orc but do no damage.
Blork the orc is heavily wounded.
You howl as the wereblood boils in your veins!
Blork the orc hits you with a +1 trident of protection.
* * * LOW HITPOINT WARNING * * *
You hit Blork the orc. You freeze Blork the orc.
Blork the orc is heavily wounded.
Blork the orc barely misses you.
You punch Blork the orc! You freeze Blork the orc.
Blork the orc is almost dead.
Blork the orc miscasts a cantrip.
You hit Blork the orc. You freeze Blork the orc.
Blork the orc is almost dead.
Blork the orc mumbles some strange words.
Blork the orc seems to speed up.
You barely miss Blork the orc.
Blork the orc is almost dead.
Blork the orc hits you with a +1 trident of protection!
* * * LOW HITPOINT WARNING * * *
You hit Blork the orc but do no damage.
Blork the orc is almost dead.
You howl as the wereblood boils in your veins!
Blork the orc hits you with a +1 trident of protection.
You die...

# #.# #####.#
#.....#.## # ..#
#.# #.....#<## #
### #.# #......#.#
# #.# #.##).###. #
#.#####.)).## ## #
#.##....)...###.
#.##.#######.#.#
#########.##.#
##.##
......oY..##.# #.#
############.# #.#
#.# #.# #.# #.#
######.# #.#
#....(.# #.#
#.###### #.#
################.#
#.#
..............##.#
#.#


You could see Blork the orc (fast).

Vanquished Creatures
  A scorpion (D:4)
  Natasha (twice) (D:4)
  An orc wizard (D:4)
  An adder (D:2)
  An ufetubus (D:4)
  2 worms (D:4)
  5 orcs
  6 ball pythons
  3 bats
  6 endoplasms
  2 giant cockroaches
  12 goblins
  10 hobgoblins
  6 jackals
  5 quokkas
  5 kobolds
  7 rats
75 creatures vanquished.

Notes
Turn   | Place    | Note
-------+----------+-------------------------------------------
     0 | D:1      | wormed the Octopode Transmuter began the quest for the Orb.
     0 | D:1      | Reached XP level 1. HP: 13/13 MP: 3/3
   193 | D:1      | Reached XP level 2. HP: 18/18 MP: 3/5
   414 | D:1      | Reached skill level 1 in Ice Magic
  1084 | D:2      | Reached XP level 3. HP: 23/23 MP: 4/6
  1087 | D:2      | Learned a level 2 spell: Wereblood
  2231 | D:3      | Reached XP level 4. HP: 27/28 MP: 4/8
  2236 | D:3      | Learned a level 4 spell: Ice Form
  2947 | D:4      | Noticed a scorpion
  2952 | D:4      | Killed a scorpion
  2953 | D:4      | Reached XP level 5. HP: 33/33 MP: 4/9
  3492 | D:4      | Identified the +11 mace "Viqosh" {freeze, Will++ Stlth+}
  4168 | D:4      | Noticed Natasha
  4174 | D:4      | Killed Natasha
  4245 | D:4      | Noticed Natasha
  4250 | D:4      | Killed Natasha
  4251 | D:4      | Reached XP level 6. HP: 24/38 MP: 2/11
  4451 | D:4      | Noticed Blork the orc
  4477 | D:4      | Slain by Blork the orc

Illustrated notes

Levels and vault maps discovered:
D:1:      minmay_arrival_four_loops, layout_loops_corners
D:2:      layout_basic
D:3:      layout_loops_ring
D:4:      layout_loops_ring, uniq_natasha, uniq_blork_the_orc

Skill      XL: |  1  2  3  4  5 |
---------------+----------------+-----
Ice Magic      | 1 2 3 |  3.1
Spellcasting   | 3 |  3.6
Transmutations | 3 |  3.8
Fighting       | |  1.0
Dodging        | |  2.0
Unarmed Combat | |  3.0

Action                   |  1- 3 |  4- 6 || total
-------------------------+-------+-------++-------
Melee: Unarmed           |    82 |    87 ||   169
       Constrict         |    24 |     9 ||    33
       Kick              |    23 |     7 ||    30
       Tentacles         |     8 |     6 ||    14
 Cast: Beastly Appendage |    27 |     9 ||    36
       Wereblood         |     9 |    11 ||    20
       Ice Form          |       |    12 ||    12
  Use: Scroll            |     4 |     3 ||     7
       Potion            |     1 |     2 ||     3
 Stab: Sleeping          |     7 |       ||     7
Armor: Skin              |     7 |    15 ||    22
Dodge: Dodged            |    50 |    39 ||    89

Table legend: (Time is in decaauts)
 A = Elapsed time spent in this place.
 B = Non-inter-level travel time spent in this place.
 C = Inter-level travel time spent in this place.
 D = Time resting spent in this place.
 E = Time spent auto-exploring this place.
 F = Levels seen in this place.
 G = Mean time per level.
                   A        B        C        D        E       F      G
               +--------+--------+--------+--------+--------+-----+--------+
         Total |   4468 |   4344 |    124 |     94 |   3542 |   4 | 1117.0 |
       Dungeon |   4468 |   4344 |    124 |     94 |   3542 |   4 | 1117.0 |
               +--------+--------+--------+--------+--------+-----+--------+

Top non-repeatable levels by time:
     D:4: 1505 daAuts
     D:2: 1108 daAuts
     D:1: 1055 daAuts
     D:3: 798 daAuts
